 Dungeon Sprint DCSS version 0.20.1-1-g8b1a95d (webtiles) character file.

1916 suicidejoker the Covert (level 9, -10/64 HPs)
             Began as an Octopode Assassin on Aug 24, 2017.
             Was a High Priest of Cheibriados.
             Killed from afar by a burning bush (11 damage)
             ... with a puff of flame
             ... in the Dungeon (Sprint IV: "Fedhas' Mad Dash").
             The game lasted 00:04:37 (1010 turns).

suicidejoker the Covert (Octopode Assassin)         Turns: 1010, Time: 00:04:43

Health: -10/64     AC:  4    Str: 25    XL:     9   Next: 16%
Magic:  15/16      EV: 19    Int: 26    God:    Cheibriados [*****.]
Gold:   182        SH:  0    Dex: 23    Spells: 8/8 levels left

rFire    . . .     SeeInvis .   a - +2 dagger
rCold    . . .     Gourm    .   (no shield)
rNeg     . . .     Faith    .   (helmet restricted)
rPois    .         Spirit   .   l - amulet of invisibility {+Inv}
rElec    .         Reflect  .   p - +3 ring of protection
rCorr    .         Harm     .   (no ring)
MR       .....     NoTele   +   (no ring)
Stlth    +++.......             (no ring)
Regen    0.2/turn               (no ring)
MPRegen  0.2/turn               (no ring)
                                (no ring)
                                (no ring)

@: contaminated, glowing, invisible (but backlit and visible), very slow
A: almost no armour, stealthy swim, amphibious, 8 rings, constrict 8, camouflage
1, clumsy 1, gelatinous body 1
a: Bend Time, Temporal Distortion, Slouch, Step From Time, Renounce Religion


You were in the Dungeon.
You worshipped Cheibriados.
Cheibriados was extremely pleased with you.
You were not hungry.

You visited 1 branch You collected 182 gold pieces.

Inventory:

Hand Weapons
 a - a +2 dagger (weapon)
 b - a +0 blowgun
Missiles
 c - 8 poisoned needles
 d - 2 curare-tipped needles
Magical Staves
 r - an uncursed staff of death {unknown}
Jewellery
 l - the amulet of invisibility (around mantle) {+Inv}
   (You found it in the Dungeon)

   [amulet of nothing]

   It lets you turn invisible.
 p - a +3 ring of protection (left tentacle)
Scrolls
 k - a scroll of blinking
 m - a scroll of amnesia {unknown}
 n - a scroll of identify {unknown}
Potions
 e - a potion of curing
 g - a potion of heal wounds
 h - a potion of haste
 i - 2 potions of magic
 j - a potion of berserk rage
Comestibles
 f - a bread ration
 o - a meat ration
 q - 2 royal jellies


   Skills:
 + Level 7.5 Fighting
 * Level 10.6 Short Blades
 - Level 2.0 Throwing
 + Level 7.1 Dodging
 * Level 14.9 Stealth
 * Level 10.2 Evocations


You had 8 spell levels left.
You didn't know any spells.

Dungeon Overview and Level Annotations

Branches:
Dungeon (1/1)

Altars:
Cheibriados
Dithmenos
Elyvilon
Gozag
Hepliaklqana
Kikubaaqudgha
Makhleb
Nemelex Xobeh
Okawaru
Qazlal
Ru
Sif Muna
Trog
Uskayaw
Vehumet
Xom
Yredelemnul
Zin
The Shining One
Beogh
Jiyva
Lugonu

Shops:
D (?**

Annotations:
D exclusions: oklob plant and oklob sapling


Innate Abilities, Weirdness & Mutations

You cannot wear most types of armour.
You are very stealthy in the water. (Stealth+)
You are amphibious.
You can wear up to eight rings at the same time.
You can use your tentacles to constrict eight enemies at once.
Your skin changes colour to match your surroundings (Stealth+).
Your rubbery body absorbs attacks. (AC +1, EV +1)
You are clumsy. (Dex -2)


Message History

You are contaminated with residual magic.
A wandering mushroom comes into view.
The burning bush throws fire at you. The puff of flame hits you!
Found a clouded gossamer ring.
There is an open door here.
The burning bush throws fire at you. The puff of flame hits you!
The burning bush throws fire at you. The puff of flame hits you!
The burning bush throws fire at you. The puff of flame hits you!
The oklob sapling spits acid at you. The splash of acid hits you!
* * * LOW HITPOINT WARNING * * *
You are splashed with acid!
The acid burns!
* * * LOW HITPOINT WARNING * * *
The burning bush throws fire at you. The puff of flame hits you!
You die...

#<..P#.....#.....#.⌠._._._._
#PP..'.)...'.#...'.._._._._.
#PPPP#...†.#.#...#..._._._._
###############'##.._._._._.
#.†.♣........'...#..._._._._
#......♣.....#...###########
#†....♣..♣..######
##'####'######P=+
#(.#....'..@...f#
#.(#..###P...P..# #######
#########


You could see an oklob plant (dormant), a wandering mushroom (dormant), a
burning bush and an oklob sapling.

Vanquished Creatures
  An oklob plant (D)
  2 burning bushes (D)
  A queen bee (D)
  2 wandering mushrooms (D)
  2 scorpions (D)
  4 killer bees (D)
  4 oklob saplings (D)
  A worker ant (D)
  2 spriggans (D)
  A river rat (D)
  A rat (D)
21 creatures vanquished.

Notes
Turn   | Place    | Note
-------+----------+-------------------------------------------
     0 | D        | suicidejoker the Octopode Assassin began the quest for the Orb.
     0 | D        | Reached XP level 1. HP: 14/14 MP: 1/1
     8 | D        | Reached skill level 6 in Stealth
     8 | D        | Reached XP level 2. HP: 20/20 MP: 2/2
    12 | D        | Noticed an oklob sapling
    14 | D        | Killed an oklob sapling
    14 | D        | Reached skill level 7 in Stealth
    14 | D        | Reached XP level 3. HP: 26/26 MP: 3/3
    26 | D        | Reached skill level 8 in Stealth
    26 | D        | Reached XP level 4. HP: 23/31 MP: 4/4
   181 | D        | Found an opulent altar of Gozag.
   181 | D        | Found a hazy altar of Hepliaklqana.
   181 | D        | Found a burning altar of Makhleb.
   181 | D        | Found a sparkling altar of Nemelex Xobeh.
   181 | D        | Found a sacrificial altar of Ru.
   181 | D        | Found a deep blue altar of Sif Muna.
   181 | D        | Found a shimmering altar of Xom.
   181 | D        | Found a basalt altar of Yredelemnul.
   182 | D        | Found a viscous altar of Jiyva.
   182 | D        | Found a roughly hewn altar of Beogh.
   182 | D        | Found a snail-covered altar of Cheibriados.
   182 | D        | Found a bloodstained altar of Trog.
   182 | D        | Noticed an oklob sapling priest
   183 | D        | Found an iron altar of Okawaru.
   183 | D        | Found a shadowy altar of Dithmenos.
   183 | D        | Found a glowing silver altar of Zin.
   184 | D        | Found an ancient bone altar of Kikubaaqudgha.
   184 | D        | Found a hide-covered altar of Uskayaw.
   185 | D        | Found a stormy altar of Qazlal.
   185 | D        | Found a white marble altar of Elyvilon.
   185 | D        | Found a glowing golden altar of the Shining One.
   186 | D        | Found a corrupted altar of Lugonu.
   186 | D        | Found a radiant altar of Vehumet.
   200 | D        | Killed an oklob sapling priest
   200 | D        | Reached skill level 5 in Short Blades
   200 | D        | Reached skill level 9 in Stealth
   200 | D        | Reached XP level 5. HP: 37/37 MP: 2/6
   204 | D        | Became a worshipper of Cheibriados the Contemplative
   248 | D        | Reached * piety under Cheibriados
   248 | D        | Reached skill level 10 in Stealth
   250 | D        | Reached XP level 6. HP: 45/45 MP: 7/9
   263 | D        | Found Jugiegou's Magic Scroll Shop.
   263 | D        | Found Quijumn's Weapon Emporium.
   271 | D        | Noticed a burning bush
   271 | D        | Noticed a wandering mushroom
   272 | D        | Noticed a wandering mushroom
   365 | D        | Killed a wandering mushroom
   365 | D        | Reached skill level 5 in Fighting
   365 | D        | Reached skill level 5 in Dodging
   365 | D        | Reached skill level 11 in Stealth
   373 | D        | Killed a wandering mushroom
   373 | D        | Reached ** piety under Cheibriados
   373 | D        | Reached skill level 12 in Stealth
   373 | D        | Reached XP level 7. HP: 42/51 MP: 8/12
   402 | D        | Killed a burning bush
   402 | D        | Reached skill level 13 in Stealth
   402 | D        | Reached XP level 8. HP: 22/58 MP: 10/14
   596 | D        | Found Ecaet's General Store.
   596 | D        | Found Etoim's General Store.
   657 | D        | Noticed a queen bee
   664 | D        | Killed a queen bee
   664 | D        | Reached *** piety under Cheibriados
   666 | D        | Reached **** piety under Cheibriados
   669 | D        | Reached ***** piety under Cheibriados
   746 | D        | Noticed an oklob plant
   749 | D        | Killed an oklob plant
   749 | D        | Reached skill level 10 in Short Blades
   749 | D        | Reached skill level 14 in Stealth
   749 | D        | Reached XP level 9. HP: 64/64 MP: 12/16
   757 | D        | Noticed a burning bush
   760 | D        | Killed a burning bush
   760 | D        | Reached skill level 10 in Evocations
   802 | D        | Noticed a burning bush
   802 | D        | Noticed an oklob plant
   808 | D        | Gained mutation: You are clumsy. (Dex -2) [mutagenic glow]
  1007 | D        | Noticed a wandering mushroom
  1010 | D        | HP: 1/64 [acid (14)]
  1010 | D        | Killed from afar by a burning bush

Skill      XL: |  1  2  3  4  5  6  7  8  9 |
---------------+----------------------------+-----
Short Blades   | 3 4 5 6 8 9 10 | 10.6
Stealth        | 6 7 8 9 10 12 13 14 | 14.9
Fighting       | 3 4 5 6 7 |  7.5
Dodging        | 2 3 4 5 6 7 |  7.1
Evocations     | 2 4 7 8 9 10 | 10.2
Throwing       | |  2.0

Action                   |  1- 3 |  4- 6 |  7- 9 || total
-------------------------+-------+-------+-------++-------
Melee: Dagger            |    13 |    21 |    35 ||    69
       Tentacles         |     4 |     6 |    14 ||    24
       Constrict         |     1 |     3 |       ||     4
 Abil: Evoke Invisibilit |       |     2 |     5 ||     7
 Stab: Sleeping          |     3 |     4 |     9 ||    16
       Invisible         |       |     5 |       ||     5
  Eat: Royal jelly       |       |       |     1 ||     1
Dodge: Dodged            |     7 |     1 |     2 ||    10
